 Dungeon Crawl Stone Soup version 0.15.0-27-gbdb0435 (webtiles) character file.

237 staplegun the Skirmisher (level 6, -10/39 HPs)
             Began as a Gargoyle Chaos Knight on Sept 11, 2014.
             Was a Plaything of Xom.
             Mangled by a sun demon (19 damage)
             ... summoned by Xom
             ... in a sewer.
             The game lasted 00:05:22 (2336 turns).

staplegun the Skirmisher (Gargoyle Chaos Knight)    Turns: 2336, Time: 00:05:23

HP -10/39        AC 17     Str 21      XL: 6   Next:  6%
MP   6/6         EV  7     Int 12      God: Xom
Gold 66          SH  0     Dex  8 (9)  Spells:  0 memorised,  5 levels left

rFire  . . .     SeeInvis .     a - +0 mace (chaos)
rCold  . . .     Clarity  .     k - +0 chain mail (curse)
rNeg   + . .     rCorr    .     (no shield)
rPois  +         rRot     +     s - +2 helmet
rElec  +         Spirit   .     (no cloak)
SustAb .         Warding  .     (no gloves)
rMut   .         Stasis   .     (no boots)
Gourm  .                        (no amulet)
MR     .....                    v - +3 ring of slaying
                                o - ring of flight

@: mighty, not resistant to hostile enchantments, extremely unstealthy
A: mutation resistance 1, negative energy resistance 1, screaming 1, electricity
resistance, weak 1, unbreathing, petrification resistance, rot immunity, AC +4
a: Renounce Religion, Evoke Flight


You were in a sewer.
You worshipped Xom.
You were a very special plaything of Xom.
You were not hungry.

You visited 1 branch of the dungeon, and saw 3 of its levels.
You also visited: Sewer.

You collected 66 gold pieces.

Inventory:

Hand weapons
 a - a +0 mace of chaos (weapon)
 g - a +2 spear of venom
Armour
 b - a +2 leather armour
 k - a cursed +0 chain mail (worn)
 s - a +2 helmet (worn)
Comestibles
 c - 3 bread rations
 f - 2 meat rations
Scrolls
 d - a scroll of amnesia {unknown}
 e - 2 scrolls of remove curse {unknown}
 i - 2 scrolls of identify {unknown}
 l - a scroll of teleportation {unknown}
 p - 2 scrolls of recharging {unknown}
 r - 3 scrolls of fear {unknown}
 w - a scroll of enchant armour {unknown}
Jewellery
 m - an uncursed ring of protection from magic
 o - a ring of flight (left hand)
 v - a +3 ring of slaying (right hand)
Potions
 q - a potion of porridge
 t - 2 potions of confusion {unknown}
 u - a potion of poison {unknown}
 x - a potion of heal wounds {unknown}


   Skills:
 + Level 4.7 Fighting
 - Level 3.4 Maces & Flails
 + Level 2.7 Polearms
 + Level 4.0 Armour
 - Level 1.0 Dodging


You had 5 spell levels left.
You didn't know any spells.

Dungeon Overview and Level Annotations

Branches:
Dungeon (3/15)

Altars:
Ashenzari
Fedhas
Nemelex Xobeh
Okawaru
Qazlal
Zin


Innate Abilities, Weirdness & Mutations

You are resistant to torment.
You are immune to poison.
Your stone body is very resilient (AC +4).
You resist negative energy.
You are resistant to electric shocks.
You can survive without breathing.
You are immune to petrification.
You are immune to rotting.
You are somewhat resistant to further mutation.
You occasionally shout uncontrollably at your foes.
You are weak. (Str -2)


Message History

There is an open door here.
You see here the troll corpse of Purgy.
You start resting. "Time to have some fun!"
You closely miss the quasit.
The quasit bites you but does no damage.
The quasit barely misses you.
The quasit claws you but does no damage.
You miss the quasit.
The quasit bites you but does no damage.
The quasit claws you.
You feel clumsy.
The quasit claws you but does no damage.
You closely miss the sun demon. The sun demon barely misses you.
You hit the sun demon but do no damage. The sun demon barely misses you.
The sun demon hits you.
* * * LOW HITPOINT WARNING * * *
You are engulfed in flames!!
You die...
Xom is highly amused!

######### #∩##.##?#
#.##.##@#
#+##+##+##.##'##3##+#
#...............5...#######
#≈≈≈≈≈≈≈≈≈.≈≈≈≈≈≈≈≈≈#≈≈≈≈≈≈
#≈≈≈≈≈≈≈≈≈∩≈≈≈≈≈≈≈≈≈#≈≈≈≈≈≈
#≈≈≈≈≈≈≈≈≈.≈≈≈≈≈≈≈≈≈#≈≈≈≈≈≈≈
#..................%###
#'##'##'##)##'##'##'#
#.##.##.##.##.##.##.#


You could see a sun demon and a quasit.

Vanquished Creatures
  Purgy (Sewer)
  Ijyb (D:2)
  A gnoll (D:1)
  4 adders
  A giant mite (Sewer)
  A green rat (D:3)
  A worm (D:2)
  2 giant geckos (D:3)
  An orc (D:3)
  3 giant cockroaches
  8 goblins
  5 hobgoblins
  9 jackals
  8 bats
  5 giant newts
  10 kobolds
  3 rats
64 creatures vanquished.

Notes
Turn   | Place    | Note
--------------------------------------------------------------
     0 | D:1      | staplegun, the Gargoyle Chaos Knight, began the quest for the Orb.
     0 | D:1      | Reached XP level 1. HP: 14/14 MP: 1/1
   224 | D:1      | XOM: cast spell 'Metabolic Englaciation'
   227 | D:1      | Reached skill level 1 in Dodging
   227 | D:1      | Reached XP level 2. HP: 13/19 MP: 2/2
   473 | D:1      | Found an iron altar of Okawaru.
   481 | D:1      | Reached XP level 3. HP: 23/23 MP: 3/3
   519 | D:1      | XOM: harmless Hex miscast
   818 | D:1      | XOM: mild Conj miscast
   858 | D:1      | XOM: colour smoke trail
   978 | D:2      | XOM: fake destruction
   980 | D:2      | Reached skill level 1 in Polearms
  1104 | D:2      | XOM: cast spell 'Summon Butterflies'
  1162 | D:2      | Found a sparkling altar of Nemelex Xobeh.
  1229 | D:2      | XOM: give mutations
  1229 | D:2      | Gained mutation: You occasionally shout uncontrollably at your foes. [Xom's mischief]
  1229 | D:2      | Gained mutation: You are weak. (Str -2) [Xom's mischief]
  1297 | D:2      | Noticed Ijyb
  1327 | D:2      | Killed Ijyb
  1327 | D:2      | Reached XP level 4. HP: 20/29 MP: 4/4
  1346 | D:2      | XOM: enchant monster (bad)
  1444 | D:2      | Reached skill level 4 in Fighting
  1466 | D:2      | XOM: blink monster(s)
  1552 | D:2      | XOM is BORED!
  1552 | D:2      | XOM: torment (23/29 hp)
  1665 | D:2      | Found a stormy altar of Qazlal.
  1667 | D:2      | Found a blossoming altar of Fedhas.
  2104 | D:3      | Found a shattered altar of Ashenzari.
  2138 | D:3      | Reached XP level 5. HP: 33/33 MP: 5/5
  2182 | D:3      | Found a glowing silver altar of Zin.
  2189 | D:3      | XOM: mild Summ miscast
  2222 | D:3      | Found a glowing drain.
  2226 | Sewer    | Entered a sewer
  2308 | Sewer    | Noticed Purgy
  2309 | Sewer    | Gained mutation: You are somewhat resistant to further mutation. [potion of beneficial mutation]
  2311 | Sewer    | XOM: medium Conj miscast
  2315 | Sewer    | Killed Purgy
  2315 | Sewer    | Reached XP level 6. HP: 10/39 MP: 6/6
  2331 | Sewer    | XOM: summons 2 hostile demons
  2332 | Sewer    | Noticed a sun demon
  2336 | Sewer    | Mangled by a sun demon

Action                   |  1- 3 |  4- 6 || total
-------------------------+-------+-------++-------
Melee: Mace              |    13 |    89 ||   102
       Spear             |    72 |    44 ||   116
  Use: Potion            |       |     3 ||     3
  Eat: Chunk             |     1 |     4 ||     5
